 Dungeon Crawl Stone Soup version 0.28.0-47-ge53b351184 (webtiles) character file.

Game seed: 4439214767457177348

7 Icepheonix32 the Chiller (level 1, -1/13 HPs)
             Began as a Demonspawn Ice Elementalist on May 5, 2022.
             Slain by a kobold
             ... wielding a +0 club
              (4 damage)
             ... on level 1 of the Dungeon.
             The game lasted 00:00:35 (457 turns).

Icepheonix32 the Chiller (DsIE)                      Turns: 457, Time: 00:00:36

Health: -1/13      AC:  2    Str:  8    XL:     1   Next: 91%
Magic:  0/3        EV: 12    Int: 16    God:
Gold:   25         SH:  0    Dex: 13    Spells: 3/4 levels left

rFire   . . .      SeeInvis .   d - staff of cold
rCold   + . .      Faith    .   (no shield)
rNeg    . . .      Spirit   .   a - +0 robe
rPois   .          Reflect  .   (no helmet)
rElec   .          Harm     .   (no cloak)
rCorr   .          Rampage  .   (no gloves)
Will    .....                   (no boots)
Stlth   ++........              (no amulet)
HPRegen 0.04/turn               (no ring)
MPRegen 0.08/turn               (no ring)

@: no status effects
A: no striking features
a: no special abilities


You were on level 1 of the Dungeon.
You visited 1 branch of the dungeon, and saw 1 of its levels.

You collected 25 gold pieces.

Inventory:

Armour
 a - a +0 robe (worn)
Magical Staves
 d - a staff of cold (weapon)
Scrolls
 b - a scroll of teleportation {unknown}
 f - a scroll of immolation {unknown}
Potions
 c - a potion of flight {unknown}
 e - a potion of lignification {unknown}


   Skills:
 - Level 1.7 Dodging
 - Level 1.7 Stealth
 - Level 2.0 Spellcasting
 + Level 4.0 Ice Magic


You had 3 spell levels left.
You knew the following spells:

 Your Spells              Type           Power      Damage    Failure   Level
a - Freeze                Ice            84%        1d10      4%          1

Your spell library contained the following spells:

 Spells                   Type           Power      Damage    Failure   Level
 Frozen Ramparts          Ice            42%        1d6       12%         3
 Ozocubu's Armour         Ice            21%        N/A       12%         3
 Hailstorm                Conj/Ice       12%        3d5       65%         4


Dungeon Overview and Level Annotations

Branches:
Dungeon (1/15)

Altars:

Shops:
D:1 !


Message History

You open the door.
There is an open door here.
Found a stone staircase leading down.
Found 16 stones.
A hobgoblin and a kobold come into view.
The kobold shouts!
There are monsters nearby!
You hit the hobgoblin but do no damage. The hobgoblin misses you.
You feel a surge of power!
You freeze the hobgoblin.
The hobgoblin is severely wounded.
The hobgoblin misses you.
You feel a surge of power!
You freeze the hobgoblin.
The hobgoblin is almost dead.
The hobgoblin closely misses you.
You feel a surge of power!
You freeze the hobgoblin!
You kill the hobgoblin!
The kobold hits you with a +0 club.
Your Ice Magic skill increases to level 4!
You hit the kobold.
The kobold is severely wounded.
The kobold misses you.
You are too depleted to draw on your mana recklessly!
You are too depleted to draw on your mana recklessly!
You are too depleted to draw on your mana recklessly!
You closely miss the kobold.
The kobold is severely wounded.
The kobold hits you with a +0 club. x2
You are too injured to fight recklessly!
You are too injured to fight recklessly!
You are too injured to fight recklessly!
You are too injured to fight recklessly!
You are too injured to fight recklessly!
You closely miss the kobold.
The kobold is severely wounded.
The kobold hits you with a +0 club.
* * * LOW HITPOINT WARNING * * *
You hit the kobold but do no damage.
The kobold is severely wounded.
The kobold hits you with a +0 club.
You die...

#..... #.##.# #. #.##.#
#######. #.##.# #.....#.
#.##.# #.....#.
#.#######.##.####.....#.
..(K............'.......
...###K#.##.####.......
#@#.##.# #.......
#†#.##.####.......
#.#.##............
#.#.####......##.. #.#.#
#.......... #.#.#
#.^....###. #.#
##.#######.
#.#.#####.#####...
......(.........


You could see a kobold.

Vanquished Creatures
  2 bats (D:1)
  A hobgoblin (D:1)
  A quokka (D:1)
  A ball python (D:1)
  A frilled lizard (D:1)
  A goblin (D:1)
7 creatures vanquished.

Notes
Turn   | Place    | Note
-------+----------+-------------------------------------------
     0 | D:1      | Icepheonix32 the Demonspawn Ice Elementalist began the
                  | quest for the Orb.
     0 | D:1      | Reached XP level 1. HP: 13/13 MP: 3/3
    64 | D:1      | Found Gokhaefo's Distillery.
   275 | D:1      | Found a faded altar of an unknown god.
   454 | D:1      | Reached skill level 4 in Ice Magic
   457 | D:1      | Slain by a kobold

Illustrated notes

Levels and vault maps discovered:
D:1:      lightli_arrival_maybe_door_vault, layout_basic,
          chequers_ecumenical_altar_twisty, serial_shops, shop_statue,
          nicolae_lakefront_shop, nicolae_shop_hallway_stairs

Skill      XL: |  1 |
---------------+----+-----
Ice Magic      | 4 |  4.0
Dodging        | |  1.7
Stealth        | |  1.7
Spellcasting   | |  2.0

Action                   || total
-------------------------++-------
Melee: Staff             ||    10
 Cast: Freeze            ||    10
Armor: Robe              ||     3
Dodge: Dodged            ||    10
